 Dungeon Crawl Stone Soup version 0.22.1-1-ga44c0e56f4 (webtiles) character file.

459 Gargoyl the Skirmisher (level 6, -6/41 HPs)
             Began as a Centaur Abyssal Knight on Nov 1, 2018.
             Was a Believer of Lugonu.
             Mangled by an ogre
             ... wielding a +0 giant club
              (27 damage)
             ... on level 4 of the Dungeon.
             The game lasted 00:05:34 (3653 turns).

Gargoyl the Skirmisher (Centaur Abyssal Knight)     Turns: 3653, Time: 00:05:35

Health: -6/41      AC: 11    Str: 16    XL:     6   Next: 78%
Magic:  8/8        EV:  2    Int: 14    God:    Lugonu [**....]
Gold:   80         SH: 10    Dex: 11    Spells: 5/5 levels left

rFire    . . .     SeeInvis .   a - +2 hand axe
rCold    . . .     Gourm    .   q - +3 shield
rNeg     . . .     Faith    .   h - +0 chain mail
rPois    +         Spirit   .   e - +1 helmet {Int+3}
rElec    .         Reflect  .   f - +0 cloak
rCorr    .         Harm     .   (no gloves)
MR       +....                  (no barding)
Stlth    ..........             (no amulet)
HPRegen  0.13/turn              m - ring of poison resistance (curse)
MPRegen  0.11/turn              (no ring)

@: very quick
A: large, hooves 3, deformed body, speed 2, frail 2, magic resistance 1, strong
1, tough skin 3
a: Depart the Abyss, Bend Space, Renounce Religion


You were on level 4 of the Dungeon.
You worshipped Lugonu.
Lugonu was pleased with you.
You were not hungry.

You visited 1 branch of the dungeon, and saw 4 of its levels.
You visited the Abyss 1 time.

You collected 80 gold pieces.

Inventory:

Hand Weapons
 a - a +2 hand axe (weapon)
Missiles
 n - a javelin (quivered)
 o - 6 tomahawks
Armour
 e - a +1 helmet of intelligence (worn)
 f - a +0 cloak (worn)
 h - a +0 chain mail (worn)
 q - a +3 shield (worn)
Jewellery
 m - a cursed ring of poison resistance (left hand)
 p - a +3 amulet of reflection {unknown}
Wands
 g - a wand of polymorph (6)
 r - a wand of random effects (18)
Scrolls
 d - 2 scrolls of remove curse
 i - 2 scrolls of identify
Potions
 b - a potion of brilliance
 j - a potion of agility {unknown}
 k - a potion of haste
Comestibles
 c - 7 rations
 l - 4 chunks of flesh


   Skills:
 + Level 4.1 Fighting
 + Level 3.8 Axes
 + Level 1.0 Throwing
 * Level 2.9 Armour
 + Level 1.3 Dodging
 + Level 0.2 Shields
 * Level 3.8 Invocations


You had 5 spell levels left.
You didn't know any spells.
Your spell library was empty.

Dungeon Overview and Level Annotations

Branches:
Dungeon (4/15)
 Temple: D:4-7

Altars:


Innate Abilities, Weirdness & Mutations

You have hooves in place of feet.
Armour fits poorly on your strangely shaped body.
You cover ground very quickly.
You have extremely tough skin. (AC +3)
You are very frail. (-20% HP)
You are resistant to hostile enchantments. (MR+)
Your muscles are strong. (Str +2)


Message History

A frilled lizard comes into view.
The frilled lizard hisses angrily.
You hit the ogre.
The ogre is heavily wounded.
The ogre hits you but does no damage.
You hit the ogre. You kick the ogre, but do no damage.
The ogre is severely wounded.
You block the ogre's attack.
You hit the ogre. Your kick misses the ogre.
The ogre is severely wounded.
You hit the howler monkey skeleton.
You block the howler monkey skeleton's attack.
You block the ogre's attack.
You hit the ogre but do no damage. Your kick misses the ogre.
The ogre is severely wounded.
You hit the howler monkey skeleton.
You block the howler monkey skeleton's attack.
The ogre hits you with a giant club!!
Ouch! That really hurt!
You die...

....##...........#
....##...........#
....#............#
....#............#
....#............#
....'............#
...#.......†....#
...##...........# ##
#....?.....@#
.............OZ......
..............l..#####
........##...##...#
...##...##...##(..#
... #%..##....#?..#
..... #...# ... #(..#


You could see an ogre, a frilled lizard and a howler monkey skeleton.

Vanquished Creatures
  Grinder (D:3)
  An ogre (D:4)
  An orc priest (D:3)
  An orc wizard (D:3)
  A worker ant (D:4)
  2 adders (D:2)
  An ooze (D:1)
  An adder skeleton (D:4)
  2 worms (D:3)
  2 dart slugs (D:2)
  5 leopard geckos
  6 orcs (D:3)
  8 bats
  2 giant cockroaches
  5 goblins
  5 hobgoblins
  4 jackals
  3 ball pythons
  5 frilled lizards
  A jackal skeleton (D:4)
  3 kobolds
  7 rats
67 creatures vanquished.

Notes
Turn   | Place    | Note
-------+----------+-------------------------------------------
     0 | Abyss:1  | Gargoyl the Centaur Abyssal Knight began the quest for the
                  | Orb.
     0 | Abyss:1  | Reached XP level 1. HP: 19/19 MP: 2/2
    63 | Abyss:2  | Noticed a ynoxinul
    82 | Abyss:2  | Noticed a large abomination
    96 | Abyss:2  | Noticed a spatial vortex
    96 | Abyss:2  | Noticed a spatial vortex
    96 | Abyss:2  | Noticed a spatial vortex
    96 | Abyss:2  | Noticed a spatial vortex
    96 | Abyss:2  | Noticed a spatial vortex
   125 | Abyss:2  | Noticed a hellwing
   126 | D:1      | Escaped the Abyss
   257 | D:1      | Reached * piety under Lugonu
   557 | D:1      | Reached XP level 2. HP: 16/26 MP: 3/3
  1305 | D:1      | Reached skill level 1 in Dodging
  1444 | D:2      | Reached XP level 3. HP: 29/31 MP: 4/4
  2023 | D:2      | Reached ** piety under Lugonu
  2165 | D:3      | Reached XP level 4. HP: 38/40 MP: 5/5
  2760 | D:3      | Noticed Grinder
  2768 | D:3      | Gained mutation: You are frail. (-10% HP) [potion of
                  | mutation]
  2768 | D:3      | Gained mutation: You are very frail. (-20% HP) [potion of
                  | mutation]
  2768 | D:3      | Gained mutation: Your muscles are strong. (Str +2) [potion
                  | of mutation]
  2768 | D:3      | Gained mutation: You are resistant to hostile enchantments.
                  | (MR+) [potion of mutation]
  2783 | D:3      | Paralysed by Grinder for 6 turns
  2806 | D:3      | Killed Grinder
  2806 | D:3      | Reached skill level 4 in Fighting
  2806 | D:3      | Reached XP level 5. HP: 36/36 MP: 7/7
  2807 | D:3      | Reached XP level 6. HP: 41/41 MP: 8/8
  3585 | D:4      | Reached skill level 1 in Throwing
  3653 | D:4      | Mangled by an ogre

Skill      XL: |  1  2  3  4  5  6 |
---------------+-------------------+-----
Axes           | 2 3 |  3.8
Dodging        | 1 |  1.3
Armour         | 2 |  2.9
Fighting       | 4 |  4.1
Invocations    | 3 |  3.8
Throwing       | 1 |  1.0
Shields        | |  0.2

Action                   |  1- 3 |  4- 6 || total
-------------------------+-------+-------++-------
Melee: Hand axe          |   127 |    86 ||   213
       Kick              |    18 |    23 ||    41
Throw: Tomahawk          |       |    10 ||    10
       Javelin           |       |     3 ||     3
Invok: Depart the Abyss  |     1 |       ||     1
Evoke: Wand              |       |     2 ||     2
  Use: Scroll            |     6 |     1 ||     7
       Potion            |     1 |     5 ||     6
  Eat: Chunk             |     3 |     4 ||     7
Armor: Leather armour    |    39 |       ||    39
       Chain mail        |    79 |    51 ||   130
       Skin              |       |     1 ||     1
Dodge: Dodged            |    61 |    11 ||    72
Block: Shield            |       |    22 ||    22
